 Dungeon Crawl Stone Soup version 0.23.2-1-ga50397a6bc (webtiles) character file.

Game seed: 17527308915320125520

89 Mrkan the Slasher (level 4, 0/34 HPs)
             Began as a Demonspawn Gladiator on May 14, 2019.
             Was a Follower of Trog.
             Succumbed to a gnoll's poison
             ... on level 2 of the Dungeon.
             The game lasted 00:04:42 (1165 turns).

Mrkan the Slasher (Demonspawn Gladiator)            Turns: 1165, Time: 00:04:43

Health: 0/34       AC:  6    Str: 15    XL:     4   Next: 31%
Magic:  4/4        EV: 17    Int: 10    God:    Trog [*.....]
Gold:   133        SH:  0    Dex: 19    Spells: 3/3 levels left

rFire    . . .     SeeInvis .   a - +0 long sword
rCold    . . .     Gourm    .   (no shield)
rNeg     . . .     Faith    .   j - +0 ring mail
rPois    .         Spirit   .   c - +0 helmet
rElec    .         Reflect  .   (no cloak)
rCorr    .         Harm     .   (no gloves)
MR       .....                  (no boots)
Stlth    ++........             (no amulet)
HPRegen  0.11/turn              (no ring)
MPRegen  0.09/turn              (no ring)

@: agile, lethally poisoned (0 -> -15)
A: rot immunity
a: Berserk, Renounce Religion


You were on level 2 of the Dungeon.
You worshipped Trog.
Trog was aware of your devotion.
You were not hungry.

You visited 1 branch of the dungeon, and saw 2 of its levels.

You collected 133 gold pieces.

Inventory:

Hand Weapons
 a - a +0 long sword (weapon)
Missiles
 d - 3 throwing nets (quivered)
Armour
 b - a +0 leather armour
 c - a +0 helmet (worn)
 j - a +0 ring mail (worn)
 o - a +0 helmet
 q - a +2 pair of gloves
Jewellery
 l - an uncursed amulet of regeneration {unknown}
 m - a cursed amulet of inaccuracy {unknown}
Scrolls
 e - 2 scrolls of remove curse {unknown}
 g - a scroll of random uselessness {unknown}
 h - 4 scrolls of identify {unknown}
 i - a scroll of noise {unknown}
 n - 3 scrolls of amnesia {unknown}
 p - a scroll of fear {unknown}
Potions
 k - a potion of brilliance {unknown}
Comestibles
 f - 7 rations
 s - a chunk of flesh


   Skills:
 * Level 2.6 Fighting
 * Level 4.2 Long Blades
 - Level 1.7 Throwing
 + Level 0.6 Armour
 - Level 2.6 Dodging
 - Level 0.1 Stealth


You had 3 spell levels left.
You didn't know any spells.
Your spell library was empty.

Dungeon Overview and Level Annotations

Branches:
Dungeon (2/15)

Altars:
Trog


Innate Abilities, Weirdness & Mutations

You are immune to rotting.


Message History

The gnoll is heavily wounded.
You feel sick. The gnoll barely misses you.
You riposte.
You hit the gnoll.
The gnoll is heavily wounded.
You hit the gnoll.
The gnoll is heavily wounded.
You feel sick. The gnoll hits you but does no damage.
You are lethally poisoned!
You hit the gnoll.
The gnoll is heavily wounded.
You feel sick. The gnoll hits you with a +0 club.
* * * LOW HITPOINT WARNING * * *
The gnoll hits you from afar with a +1 spear of venom.
* * * LOW HITPOINT WARNING * * *
You slash the gnoll!
You kill the gnoll!
Trog accepts your kill.
* * * LOW HITPOINT WARNING * * *
You feel sick. The gnoll completely misses you.
You feel agile all of a sudden.
You die...

#....#.# #...# #..# #.#
#....#.#####...###..# #.#
#..gg+.....#....##..###.#
#....#.###.#............#
#.##..g..........#.##..##.##
#........####.#.##..#..##.##
#........# #.#.###.#.<....#
#.......g####.#.# #...###.##
........gg)@....####..# #.#
########.####........># #รท#
#.# ########### #.# ..# #.#
#### #.# #.# #<# ###


You could see 3 gnolls.

Vanquished Creatures
  A gnoll (D:2)
  3 adders (D:2)
  2 worms (D:2)
  6 bats
  3 giant cockroaches
  7 goblins
  7 hobgoblins
  5 jackals (D:1)
  A quokka (D:2)
  3 frilled lizards (D:1)
  4 kobolds (D:1)
  4 rats
46 creatures vanquished.

Notes
Turn   | Place    | Note
-------+----------+-------------------------------------------
     0 | D:1      | Mrkan the Demonspawn Gladiator began the quest for the Orb.
     0 | D:1      | Reached XP level 1. HP: 16/16 MP: 1/1
    18 | D:1      | Reached skill level 3 in Long Blades
    28 | D:1      | Gained mutation: You are immune to rotting. [demonic
                  | ancestry]
    28 | D:1      | Reached XP level 2. HP: 6/22 MP: 2/2
   413 | D:1      | Reached XP level 3. HP: 13/27 MP: 3/3
   736 | D:2      | Found a faded altar of an unknown god.
   738 | D:2      | Became a worshipper of Trog the Wrathful
   738 | D:2      | Reached * piety under Trog
   913 | D:2      | Reached skill level 4 in Long Blades
  1080 | D:2      | Reached XP level 4. HP: 22/34 MP: 4/4
  1164 | D:2      | HP: 1/34 [poisoned by a gnoll]
  1165 | D:2      | Succumbed to a gnoll's poison

Skill      XL: |  1  2  3 |
---------------+----------+-----
Long Blades    | 3 4 |  4.2
Fighting       | |  2.6
Throwing       | |  1.7
Armour         | |  0.6
Dodging        | |  2.6
Stealth        | |  0.1

Action                   |  1- 3 |  4- 6 || total
-------------------------+-------+-------++-------
Melee: Long sword        |   120 |     7 ||   127
  Use: Potion            |     1 |     1 ||     2
  Eat: Chunk             |       |     1 ||     1
Armor: Leather armour    |    42 |       ||    42
       Ring mail         |    11 |     1 ||    12
Dodge: Dodged            |   119 |     5 ||   124
       Rpst.: Long sword |    41 |     2 ||    43
